 Dungeon Crawl Stone Soup version 0.27-a0-604-g29a88b33a7 (webtiles) character file.

Game seed: 11949719690650652235

63 jasper the Sneak (level 3, 0/16 HPs)
             Began as a Spriggan Enchanter on Mar 12, 2021.
             Was an Initiate of Dithmenos.
             Slain by a bullfrog (7 damage)
             ... on level 5 of the Dungeon.
             The game lasted 00:01:43 (733 turns).

jasper the Sneak (Spriggan Enchanter)                Turns: 733, Time: 00:01:44

Health: 0/16       AC:  2    Str:  4    XL:     3   Next: 89%
Magic:  4/8        EV: 17    Int: 17    God:    Dithmenos [......]
Gold:   60         SH:  0    Dex: 15    Spells: 5/8 levels left

rFire    . . .     SeeInvis +   a - +1 dagger
rCold    . . .     Faith    .   (shield restricted)
rNeg     . . .     Spirit   .   b - +0 robe
rPois    .         Reflect  .   (helmet restricted)
rElec    .         Harm     .   (no cloak)
rCorr    .         Rampage  .   (gloves unavailable)
Will     .....                  (boots unavailable)
Stlth    +++.......             (no amulet)
HPRegen  0.05/turn              (no ring)
MPRegen  0.11/turn              (no ring)

@: very quick
A: very small, unfitting armour, see invisible, speed 3
a: Renounce Religion


You were on level 5 of the Dungeon.
You worshipped Dithmenos.
Dithmenos was noncommittal.
You visited 1 branch of the dungeon, and saw 6 of its levels.

You collected 60 gold pieces.

Inventory:

Hand Weapons
 a - a +1 dagger (weapon)
Missiles
 d - 8 bolts
Armour
 b - a +0 robe (worn)
Magical Staves
 i - a staff of air
Wands
 f - a wand of random effects (19)
 j - a wand of mindburst (10)
Scrolls
 c - 3 scrolls of teleportation {unknown}
 g - a scroll of magic mapping {unknown}
 h - a scroll of fog {unknown}
 k - a scroll of fear {unknown}
Potions
 e - a potion of curing {unknown}


   Skills:
 - Level 1.1 Short Blades
 + Level 3.3 Dodging
 * Level 5.6 Stealth
 + Level 3.2 Spellcasting
 * Level 4.4 Hexes


You had 5 spell levels left.
You knew the following spells:

 Your Spells              Type           Power      Damage    Failure   Level
a - Corona                Hex            18%        N/A       2%          1
b - Ensorcelled Hibernat  Hex/Ice        20%        N/A       11%         2

Your spell library contained the following spells:

 Spells                   Type           Power      Damage    Failure   Level
 Confusing Touch          Hex            17%        N/A       9%          3
 Tukima's Dance           Hex            17%        N/A       9%          3
 Dazzling Flash           Conj/Hex       20%        N/A       21%         3


Dungeon Overview and Level Annotations

Branches:
Dungeon (6/15)
 Temple: D:4-7

Altars:
Cheibriados
Dithmenos
Nemelex Xobeh


Innate Abilities, Weirdness & Mutations

You are very small and have problems with some larger weapons.
You are too small for most types of armour.
You have supernaturally acute eyesight. (SInv)
You cover ground extremely quickly. (Speed+++)


Message History

An orc comes into view. It is wielding a +0 mace.
Found a stone staircase leading down.
The orc shouts!
A quokka skeleton comes into view.
An orc comes into view.
It is wielding a +0 club, wearing a +2 chain mail of poison resistance and quivering silver boomerangs.
An iguana comes into view.
The orc throws a silver boomerang.
The silver boomerang hits you.
You take 8 damage, and have 7/16 hp.
MASSIVE DAMAGE!!
There is a stone staircase leading up here.
You climb upwards.
The orc shouts!
The orc wizard shouts!
An orc and an orc priest come into view.
The orc shouts!
An orc comes into view.
Found 8 gold pieces and a scroll labelled VIBROTSUC EBOOSH.
There is a stone staircase leading down here.
Found 34 gold pieces.
An orc comes into view.
An adder comes into view.
A giant cockroach zombie comes into view.
A howler monkey skeleton comes into view.
The howler monkey skeleton barely misses you.
The howler monkey skeleton hits you.
You take 2 damage, and have 6/16 hp.
Found a scroll labelled LIAMUN XOPSU.
A bullfrog comes into view.
The bullfrog croaks.
The bullfrog closely misses you.
Casting: Ensorcelled Hibernation (safe; 11% risk of failure)
Confirm with . or Enter, or press ? or * to list all spells.
Aiming: Ensorcelled Hibernation (safe; 11% risk of failure)
Press: ? - help, Shift-Dir - straight line, f - bullfrog
Aim: a bullfrog (chance to affect: 41%)
The bullfrog looks drowsy...
You now have 4/8 mp.
The helpless bullfrog fails to defend itself.
You impale the bullfrog!!
The bullfrog is almost dead.
The bullfrog hits you!
You die...

#.....?...
##........
#####
###..#######
#...####.Z..#
#.#.........##
#.#..........#
#...5#########
#...## ###@#
##F# #.# ##


You could see a bullfrog and a quasit.

Vanquished Creatures
  A hound (D:4)
  A worker ant (D:6)
  An orc (D:6)
  2 goblins (D:1)
  4 jackals (D:2)
  4 rats (D:1)
13 creatures vanquished.

Notes
Turn   | Place    | Note
-------+----------+-------------------------------------------
     0 | D:1      | jasper the Spriggan Enchanter began the quest for the Orb.
     0 | D:1      | Reached XP level 1. HP: 9/9 MP: 5/5
   298 | D:2      | Reached XP level 2. HP: 9/13 MP: 6/6
   314 | D:2      | Learned a level 2 spell: Ensorcelled Hibernation
   486 | D:3      | Found a snail-covered altar of Cheibriados.
   556 | D:4      | Found a sparkling altar of Nemelex Xobeh.
   561 | D:4      | Reached skill level 5 in Stealth
   561 | D:4      | Reached XP level 3. HP: 16/16 MP: 2/8
   630 | D:5      | Entered Level 5 of the Dungeon
   652 | D:6      | Found a shadowy altar of Dithmenos.
   664 | D:6      | Became a worshipper of Dithmenos the Shadowed
   665 | D:6      | Noticed a centaur
   730 | D:5      | Noticed a bullfrog
   733 | D:5      | Slain by a bullfrog

Illustrated notes

Levels and vault maps discovered:
D:1:      arrival_zaba_pyramid, layout_loops_corners
D:2:      layout_basic, lemuel_doored_altar, nicolae_qazlal_general_emergency,
          uniq_natasha
D:3:      layout_basic, cheibriados_altar_1, lemuel_coloured_pillars_altar
D:4:      layout_loops_cross, nemelex_xobeh_ov_fountains_minmay, serial_shops,
          shop_fountains, kennysheep_mini_moat, nicolae_shop_window_shopping,
          shop_fountains, uniq_sigmund
D:5:      layout_layer_cave, general_overflow_altar
D:6:      layout_cave_pools, old_standard_altar, zin_academy,
          minmay_temple_entry_stoned_glass, grunt_dithmenos_smoke_and_mirrors

Skill      XL: |  1  2 |
---------------+-------+-----
Dodging        | 3 |  3.3
Stealth        | 5 |  5.6
Spellcasting   | 3 |  3.2
Hexes          | 4 |  4.4
Short Blades   | |  1.1

Action                   || total
-------------------------++-------
Melee: Dagger            ||    49
 Cast: Corona            ||     3
       Ensorcelled Hiber ||     7
 Stab: Sleeping          ||     4
Armor: Robe              ||     5
Dodge: Dodged            ||    41

Table legend: (Time is in decaauts)
 A = Elapsed time spent in this place.
 B = Non-inter-level travel time spent in this place.
 C = Inter-level travel time spent in this place.
 D = Time resting spent in this place.
 E = Time spent auto-exploring this place.
 F = Levels seen in this place.
 G = Mean time per level.
                   A        B        C        D        E       F      G
               +--------+--------+--------+--------+--------+-----+--------+
         Total |    573 |    566 |      7 |    192 |    204 |   6 |   95.5 |
       Dungeon |    573 |    566 |      7 |    192 |    204 |   6 |   95.5 |
               +--------+--------+--------+--------+--------+-----+--------+

Top non-repeatable levels by time:
     D:2: 212 daAuts
     D:1: 175 daAuts
     D:4: 62 daAuts
     D:3: 54 daAuts
     D:5: 39 daAuts
     D:6: 29 daAuts
